 Dungeon Crawl Stone Soup version 0.20.1-1-g8b1a95d (webtiles) character file.

6612 grizmgrazm2 the Unseen (level 10, -7/68 HPs)
             Began as a Vampire Enchanter on Oct 8, 2017.
             Was a Believer of Ashenzari.
             Mangled by a five-headed hydra (9 damage)
             ... on level 1 of the Lair of Beasts.
             The game lasted 00:24:58 (9581 turns).

grizmgrazm2 the Unseen (Vampire Enchanter)          Turns: 9581, Time: 00:24:58

Health: -7/68      AC:  6    Str:  7    XL:     10   Next: 71%
Magic:  5/20       EV: 15    Int: 24    God:    Ashenzari [**....]
Gold:   583        SH:  0    Dex: 18    Spells: 13/22 levels left

rFire    . . .     SeeInvis +   u - +6 dagger "Ykkuic" {pain, +Blink Dex+3 SInv} (curse)
rCold    + . .     Gourm    .   (no shield)
rNeg     + + .     Faith    +   b - +0 robe
rPois    +         Spirit   .   (no helmet)
rElec    .         Reflect  .   i - +1 cloak (curse)
rCorr    .         Harm     .   f - +0 pair of gloves
MR       +....                  s - +0 pair of boots
Stlth    +++++++...             n - amulet of faith
Regen    0.1/turn               (no ring)
MPRegen  0.2/turn               l - +3 ring of intelligence

@: regenerating slowly
A: fangs 3, see invisible, unbreathing
a: Bat Form, Curse Item, Scrying, Renounce Religion, Evoke Blink


You were on level 1 of the Lair of Beasts.
You worshipped Ashenzari.
Ashenzari was pleased with you.
You were near bloodless.

You visited 2 branches of the dungeon, and saw 9 of its levels.
You also visited: Sewer.

You collected 583 gold pieces.

Inventory:

Hand Weapons
 k - a +2 dagger of piercing
 o - a +0 vampiric dagger
 u - the cursed +6 dagger "Ykkuic" (weapon) {pain, +Blink Dex+3 SInv}
   (You found it on level 5 of the Dungeon)

   In the hands of one skilled in necromantic magic, it inflicts extra damage on
   living creatures.
   It affects your dexterity (+3).
   It lets you see invisible.
   It lets you blink.
   It has a curse placed upon it.
Armour
 b - a +0 robe (worn)
 f - a +0 pair of gloves (worn)
 i - a cursed +1 cloak (worn)
 s - a +0 pair of boots (worn)
Jewellery
 l - a +3 ring of intelligence (right hand)
 n - an amulet of faith (around neck)
 x - a +2 amulet of reflection
 y - an uncursed amulet of rage
 z - an uncursed ring of protection from fire
Wands
 m - a wand of paralysis (9/24)
 p - a wand of random effects (32/48)
 q - a wand of iceblast (3/15)
 v - a wand of disintegration (12/24)
 w - a wand of lightning (3/15)
 D - a wand of polymorph (9/24)
Scrolls
 e - 2 scrolls of blinking
 g - a scroll of brand weapon
 j - 8 scrolls of teleportation
 E - a scroll of identify
Potions
 a - a potion of flight
 d - 12 potions of blood
 h - 2 potions of ambrosia
 r - a potion of heal wounds
 A - a potion of haste
 F - a potion of curing {unknown}
Books
 c - a book of Maledictions

   Spells                             Type                      Level
   a - Corona                         Hexes                        1
   b - Ensorcelled Hibernation        Hexes/Ice                    2
   c - Confuse                        Hexes                        3
   d - Tukima's Dance                 Hexes                        3
   e - Dazzling Spray                 Conjuration/Hexes            3
 B - a book of Callings

   Spells                             Type                      Level
   a - Summon Small Mammal            Summoning                    1
   b - Call Imp                       Summoning                    2
   c - Call Canine Familiar           Summoning                    3
   d - Summon Guardian Golem          Hexes/Summoning              3
   e - Summon Lightning Spire         Summoning/Air                4
   f - Summon Ice Beast               Ice/Summoning                4
 C - a book of Battle

   Spells                             Type                      Level
   a - Infusion                       Charms                       1
   b - Shroud of Golubria             Charms/Translocation         2
   c - Song of Slaying                Charms                       2
   d - Spectral Weapon                Hexes/Charms                 3
   e - Regeneration                   Charms/Necromancy            3


   Skills:
 + Level 2.5 Fighting
 + Level 4.9(7.1) Short Blades
 + Level 4.4 Dodging
 + Level 15.3 Stealth
 + Level 6.9 Spellcasting
 + Level 10.4 Hexes
 + Level 5.1 Ice Magic


You had 13 spell levels left.
You knew the following spells:

 Your Spells              Type           Power        Failure   Level  Hunger
a - Ensorcelled Hibernat  Hex/Ice        #####.       1%          2    None
b - Confuse               Hex            ######..     1%          3    None
c - Tukima's Dance        Hex            ######..     1%          3    None
d - Corona                Hex            ######.      1%          1    None


Dungeon Overview and Level Annotations

Branches:
Dungeon (8/15)             Temple (0/1) D:7            Lair (1/6) D:8

Altars:
Ashenzari
Cheibriados
Okawaru
Uskayaw
Vehumet
Xom
Zin
The Shining One


Innate Abilities, Weirdness & Mutations

You heal slowly.
You have razor-sharp teeth.
You have supernaturally acute eyesight. (SInv)
You can survive without breathing.


Message History

Aim: a five-headed hydra (chance to defeat MR: 40%)
The five-headed hydra resists with some effort.
The five-headed hydra misses you.
The five-headed hydra closely misses you.
The five-headed hydra bites you. x2
The five-headed hydra bites you but does no damage.
Casting: Confuse
Confirm with . or Enter, or press ? or * to list all spells.
Aiming: Confuse
Press: ? - help, Shift-Dir - straight line, f/p - five-headed hydra
Aim: a five-headed hydra (chance to defeat MR: 40%)
The five-headed hydra resists with some effort.
The five-headed hydra bites you but does no damage.
The five-headed hydra bites you!
* * * LOW HITPOINT WARNING * * *
The five-headed hydra bites you!
* * * LOW HITPOINT WARNING * * *
The five-headed hydra barely misses you.
The five-headed hydra bites you!
You die...

#......... , * ,
#........# *, #........#
, #........# * .#
##........##*#..#
#....>.....##P..# ##
##.......†......########.
#..................<.....
*#..[...@................
#......D.##.####........
#.###...## # ##.......
#,, ##$.# * #....... , *
#..###### #........
#......>...........
##.####..######..#####...
#P.......# #..* *...
#P.......# ** , .


You could see a five-headed hydra.

Vanquished Creatures
  A two-headed ogre (D:5)
  A black mamba (Lair:1)
  2 spiny frogs (Lair:1)
  A komodo dragon (Lair:1)
  2 blink frogs (Lair:1)
  2 wyverns
  Eustachio (D:6)
  4 yaks (Lair:1)
  A water moccasin (Lair:1)
  2 hell hounds (D:8)
  A sky beast (D:6)
  An orc warrior (D:7)
  4 phantoms
  5 ogres
  A centaur (D:5)
  2 crocodiles (Lair:1)
  6 bullfrogs
  2 scorpions (D:5)
  6 killer bees (D:7)
  2 crimson imps
  5 hounds
  An iron imp (D:7)
  3 orc priests
  4 iguanas
  5 worker ants
  8 orc wizards
  Terence (D:3)
  A hound zombie (D:5)
  5 gnolls
  A howler monkey skeleton (D:8)
  21 adders
  A shadow imp (D:5)
  2 oozes
  An adder zombie (D:6)
  4 worms
  5 dart slugs
  8 leopard geckos
  30 orcs
  6 bats
  9 giant cockroaches
  9 goblins
  5 hobgoblins
  2 jackals (D:8)
  4 quokkas
  5 ball pythons
  5 frilled lizards
  2 goblin skeletons (D:7)
  2 goblin zombies (D:7)
  A hobgoblin zombie (D:7)
  6 kobolds
  2 orc skeletons (D:7)
  11 rats
222 creatures vanquished.

Vanquished Creatures (others)
  2 fungi (Lair:1)
2 creatures vanquished.

Grand Total: 224 creatures vanquished

Notes
Turn   | Place    | Note
-------+----------+-------------------------------------------
     0 | D:1      | grizmgrazm2 the Vampire Enchanter began the quest for the Orb.
     0 | D:1      | Reached XP level 1. HP: 13/13 MP: 3/3
   143 | D:1      | Reached XP level 2. HP: 14/19 MP: 3/5
   147 | D:1      | Learned a level 2 spell: Ensorcelled Hibernation
   318 | D:1      | Reached skill level 5 in Stealth
   529 | D:1      | Reached XP level 3. HP: 25/25 MP: 1/6
   534 | D:1      | Learned a level 3 spell: Confuse
   976 | D:2      | Reached XP level 4. HP: 11/31 MP: 2/7
  1150 | D:2      | Reached skill level 6 in Stealth
  1271 | D:2      | Reached skill level 5 in Hexes
  2103 | D:3      | Found a hide-covered altar of Uskayaw.
  2103 | D:3      | Found a glowing silver altar of Zin.
  2103 | D:3      | Found a radiant altar of Vehumet.
  2104 | D:3      | Found a shimmering altar of Xom.
  2104 | D:3      | Found a snail-covered altar of Cheibriados.
  2105 | D:3      | Found a shattered altar of Ashenzari.
  2105 | D:3      | Found a glowing golden altar of the Shining One.
  2117 | D:3      | Became a worshipper of Ashenzari the Shackled
  2181 | D:3      | Reached XP level 5. HP: 33/36 MP: 3/8
  2210 | D:3      | Noticed Terence
  2231 | D:3      | Killed Terence
  2231 | D:3      | Reached skill level 7 in Stealth
  2355 | D:3      | Reached skill level 1 in Ice Magic
  2804 | D:3      | Reached XP level 6. HP: 32/42 MP: 1/10
  3431 | D:4      | Reached skill level 8 in Stealth
  3523 | D:4      | Found a glowing drain.
  3545 | Sewer    | Entered a sewer
  3968 | Sewer    | Reached skill level 1 in Fighting
  3968 | Sewer    | Reached XP level 7. HP: 46/48 MP: 6/11
  4766 | D:5      | Entered Level 5 of the Dungeon
  4773 | D:5      | Noticed a two-headed ogre
  4785 | D:5      | Killed a two-headed ogre
  4785 | D:5      | Reached skill level 10 in Stealth
  4785 | D:5      | Reached XP level 8. HP: 49/54 MP: 6/14
  5405 | D:5      | Got the dagger "Ykkuic" {pain, +Blink Dex+3 SInv}
  5406 | D:5      | Identified the +6 dagger "Ykkuic" {pain, +Blink Dex+3 SInv} (You found it on level 5 of the Dungeon)
  5677 | D:5      | Reached skill level 11 in Stealth
  5937 | D:6      | Noticed Eustachio
  5958 | D:6      | Killed Eustachio
  5975 | D:6      | Reached XP level 9. HP: 61/61 MP: 5/15
  5980 | D:6      | Learned a level 3 spell: Tukima's Dance
  6276 | D:6      | Reached * piety under Ashenzari
  6733 | D:7      | Reached skill level 12 in Stealth
  6768 | D:7      | Reached skill level 5 in Spellcasting
  6838 | D:7      | Found a glowing golden altar of the Shining One.
  7164 | D:7      | Found a staircase to the Ecumenical Temple.
  7441 | D:7      | Reached skill level 13 in Stealth
  7680 | D:8      | Found an iron altar of Okawaru.
  7764 | D:8      | Reached ** piety under Ashenzari
  7784 | D:8      | Found a staircase to the Lair.
  8467 | Lair:1   | Entered Level 1 of the Lair of Beasts
  8467 | Lair:1   | Noticed a komodo dragon
  8471 | Lair:1   | Killed a komodo dragon
  8471 | Lair:1   | Reached XP level 10. HP: 68/68 MP: 12/18
  8537 | Lair:1   | Noticed a spiny frog
  8554 | Lair:1   | Killed a spiny frog
  8554 | Lair:1   | Reached skill level 14 in Stealth
  8630 | Lair:1   | Noticed a black mamba
  8637 | Lair:1   | Killed a black mamba
  8782 | Lair:1   | Reached skill level 10 in Hexes
  8817 | Lair:1   | Noticed a spiny frog
  8826 | Lair:1   | Reached skill level 15 in Stealth
  8831 | Lair:1   | Killed a spiny frog
  8831 | Lair:1   | Reached skill level 5 in Ice Magic
  9574 | Lair:1   | Noticed a five-headed hydra
  9581 | Lair:1   | HP: 2/68 [five-headed hydra (10)]
  9581 | Lair:1   | Mangled by a five-headed hydra

Skill      XL: |  1  2  3  4  5  6  7  8  9 10 |
---------------+-------------------------------+-----
Stealth        | 5 6 7 8 10 11 13 15 | 15.3
Short Blades   | 2 3 4 |  4.9
Hexes          | 5 6 7 8 9 10 | 10.4
Ice Magic      | 1 2 3 4 5 |  5.1
Spellcasting   | 3 4 5 6 |  6.9
Dodging        | 3 4 |  4.4
Fighting       | 1 2 |  2.5

Action                   |  1- 3 |  4- 6 |  7- 9 | 10-12 || total
-------------------------+-------+-------+-------+-------++-------
Melee: Dagger            |    40 |   225 |   229 |    26 ||   520
       Bite              |     2 |    17 |    16 |       ||    35
 Cast: Corona            |     5 |       |     2 |       ||     7
       Ensorcelled Hiber |    10 |    61 |    72 |    23 ||   166
       Confuse           |       |     3 |    21 |     7 ||    31
Invok: Curse Item        |       |       |       |     1 ||     1
 Abil: End Transformatio |       |       |     1 |     1 ||     2
       Bat Form          |       |       |     1 |     1 ||     2
  Use: Scroll            |     3 |     9 |     7 |     2 ||    21
       Potion            |       |     3 |     8 |     1 ||    12
 Stab: Sleeping          |    13 |    55 |    61 |    16 ||   145
       Confused          |       |     2 |    13 |     1 ||    16
       Distracted        |       |     1 |       |       ||     1
Armor: Robe              |     6 |    55 |    28 |     7 ||    96
Dodge: Dodged            |    24 |   152 |   143 |    23 ||   342
